 Dungeon Crawl Stone Soup version 0.27.1-35-g4d5d836560 (webtiles) character file.

Game seed: 4175749648463502114

36768 Delamore the Unseen (level 13, -2/92 HPs)
             Began as an Octopode Brigand on Feb 23, 2022.
             Was an Initiate of Gozag.
             Engulfed by a cloud of flame (17 damage)
             ... in a volcano.
             The game lasted 00:22:27 (19196 turns).

Delamore the Unseen (Octopode Brigand)             Turns: 19196, Time: 00:22:28

Health: -2/92      AC:  7    Str: 26    XL:     13   Next: 92%
Magic:  22/22      EV: 23    Int: 27    God:    Gozag
Gold:   1631       SH:  5    Dex: 18    Spells: 12/12 levels left

rFire    . . .     SeeInvis +   G - +10 dagger of Eternal War {drain, Str+4 Int+7}
rCold    . . .     Faith    .   I - +0 buckler
rNeg     . . .     Spirit   .   Y - +2 hat {Stlth+}
rPois    .         Reflect  .   (no amulet)
rElec    .         Harm     .   d - +6 ring of intelligence
rCorr    .         Rampage  .   y - +6 ring of strength
Will     .....                  B - +4 ring of protection
Stlth    ++++++++..             J - +4 ring of slaying
HPRegen  0.25/turn              N - +4 ring of evasion
MPRegen  0.18/turn              K - ring of magical power
                                P - +6 ring of strength
                                R - ring of see invisible

@: studying Crossbows
A: almost no armour, amphibious, 8 rings, camouflage 1, gelatinous body 1,
(nimble swimmer 1), tentacles
a: Renounce Religion, Potion Petition, Call Merchant, Bribe Branch


You were in a volcano.
You worshipped Gozag.
Gozag was most pleased with you.
You visited 4 branches of the dungeon, and saw 17 of its levels.
You also visited: Ice Cave and Volcano.

You collected 3293 gold pieces.
You spent 140 gold pieces at shops.
You paid 1522 gold pieces to Gozag.

Inventory:

Hand Weapons
 G - the +10 dagger of Eternal War (weapon) {drain, Str+4 Int+7}
   (You found it on level 6 of the Dungeon)

   A truly terrible weapon, it drains the life of any living foe it strikes.
   Str:       It affects your strength (+4).
   Int:       It affects your intelligence (+7).
 Q - the +0 short sword of the Five Princes {flame, rF++ Str+4}
   (You found it on level 7 of the Dungeon)

   It burns those it strikes, dealing additional fire damage.
   Str:       It affects your strength (+4).
   rF:        It greatly protects you from fire.
Missiles
 b - 58 poisoned darts
 l - 2 atropa-tipped darts
 u - 12 javelins (quivered)
 C - 3 datura-tipped darts
 E - a throwing net
 M - 8 curare-tipped darts
Armour
 I - a +0 buckler (worn)
 Y - a +2 hat of stealth (worn)
Jewellery
 a - a ring of wizardry
 d - a +6 ring of intelligence (left tentacle)
 y - a +6 ring of strength (right tentacle)
 B - a +4 ring of protection (on tentacle)
 J - a +4 ring of slaying (on tentacle)
 K - a ring of magical power (on tentacle)
 N - a +4 ring of evasion (on tentacle)
 P - a +6 ring of strength (on tentacle)
 R - a ring of see invisible (on tentacle)
Wands
 m - a wand of polymorph (14)
 q - a wand of iceblast (3)
 D - a wand of digging (17)
 U - a wand of flame (33)
 X - a wand of acid (7)
Scrolls
 c - 2 scrolls of fog
 e - 4 scrolls of noise
 h - 4 scrolls of fear
 r - a scroll of amnesia
 s - 4 scrolls of enchant weapon
 t - 5 scrolls of teleportation
 F - 4 scrolls of enchant armour
 L - 2 scrolls of brand weapon
 O - 2 scrolls of blinking
 S - a scroll of silence
 W - a scroll of summoning
 Z - a scroll of holy word
Potions
 f - 5 potions of lignification
 g - 2 potions of curing
 k - 2 potions of might
 n - 3 potions of heal wounds
 o - 3 potions of degeneration
 p - 8 potions of ambrosia
 v - 2 potions of brilliance
 w - 2 potions of haste
 x - 4 potions of cancellation
 z - a potion of berserk rage {unknown}
 H - 3 potions of flight
 T - a potion of invisibility
 V - a potion of mutation {unknown}


   Skills:
 - Level 10.0 Fighting
 + Level 11.1 Short Blades
 + Level 7.3 Throwing
 - Level 10.0 Dodging
 + Level 16.3 Stealth
 - Level 4.0 Shields
 + Level 7.7 Evocations


You had 12 spell levels left.
You didn't know any spells.
Your spell library contained the following spells:

 Spells                   Type           Power      Damage    Failure   Level
 Beastly Appendage        Tmut           0%         N/A       12%         1
 Shock                    Conj/Air       0%         1d3       12%         1
 Static Discharge         Conj/Air       0%         N/A       19%         2
 Sublimation of Blood     Necr           0%         N/A       19%         2
 Wereblood                Tmut           0%         N/A       19%         2
 Spider Form              Tmut/Pois      0%         N/A       34%         3
 Summon Guardian Golem    Hex/Summ       0%         N/A       34%         3
 Swiftness                Air            0%         N/A       34%         3
 Airstrike                Air            0%         N/A       75%         4
 Olgreb's Toxic Radiance  Pois           0%         N/A       75%         4
 Petrify                  Tmut/Erth      0%         N/A       75%         4
 Irradiate                Conj/Tmut      0%         3d13      97%         5
 Lightning Bolt           Conj/Air       0%         1d11      97%         5
 Orb of Destruction       Conj           0%         N/A       100%        7
 Ozocubu's Refrigeration  Ice            0%         4d5       100%        7
 Spellforged Servitor     Conj/Summ      0%         N/A       100%        7
 Ignition                 Fire           0%         3d3       100%        8
 Maxwell's Capacitive Co  Air            0%         ∞         100%        8


Dungeon Overview and Level Annotations

Branches:
Dungeon (11/15)            Temple (1/1) D:7            Lair (4/6) D:11
 Shoals (1/4) Lair:3        Snake (0/4) Lair:3          Orc (0/2) D:11
  IceCv (visited)         Volcano (1/1)

Altars:
Ashenzari
Cheibriados
Elyvilon
Gozag
Hepliaklqana
Kikubaaqudgha
Makhleb
Nemelex Xobeh
Okawaru
Qazlal
Ru
Sif Muna
Trog
Uskayaw
Vehumet
Xom
Yredelemnul
Zin
The Shining One

Shops:
D:4 ?   D:10 ?   D:11 *   Lair:1 *

Annotations:
D:8 2 transporters, Delamore's ghost, novice OpBr
D:10 2 runed translucent doors


Innate Abilities, Weirdness & Mutations

You cannot wear most types of armour.
You are amphibious.
You can wear up to eight rings at the same time.
Your skin changes colour to match your surroundings (Stealth+).
Your rubbery body absorbs attacks. (AC +1, EV +1)
((You are camouflaged near water. (Stealth+)))
You have tentacles for arms and can constrict up to eight enemies at once.


Message History

You now have 1608 gold pieces (gained 8).
The lava snake spits lava at you. The glob of lava misses you.
You puncture the lava snake! You grab the lava snake.
You squeeze the lava snake.
You kill the lava snake!
You now have 1615 gold pieces (gained 7).
A fire bat comes into view.
The fire bat moves out of view.
The lava snake spits lava at you. The glob of lava misses you.
You puncture the lava snake! You drain the lava snake.
You kill the lava snake!
You now have 1619 gold pieces (gained 4).
Why would you want to do that?
A fire bat is nearby!
A lava snake comes into view.
The lava snake moves out of view.
The lava snake hisses angrily.
The lava snake spits lava at you. The glob of lava hits you!
You are too injured to fight recklessly!
You puncture the lava snake! You drain the lava snake.
Your grab misses the lava snake. You squeeze the lava snake.
You kill the lava snake!
You now have 1626 gold pieces (gained 7).
You puncture the fire bat! You grab the fire bat. You squeeze the fire bat!
You kill the fire bat!
You now have 1631 gold pieces (gained 5).
There are no items here.
You start resting.
The air gets thick with the scent of sulphur.
You start resting.
The volcano roars to life, belching forth lava!
You are engulfed in blazing flames.
You are engulfed in blazing flames.
* * * LOW HITPOINT WARNING * * *
You are engulfed in blazing flames.
You die...
Your body crumbles into a pile of gold.

§≈§≈≈.§§§≈≈§≈≈°≈≈≈≈≈≈§§.....
§§§§§≈≈≈§≈≈°≈≈§≈§≈§§≈≈§≈≈...
≈§§°≈°≈≈≈≈°§§≈≈§≈§§§§§§§≈≈..
§§≈≈≈§≈≈≈≈≈≈°§°§§≈§§§≈§≈≈...
≈§°°≈○≈§≈≈≈≈§≈§§≈°≈§≈§§.....
§≈○....≈≈≈≈≈≈≈≈≈≈≈§§≈......#
≈≈..°.°..○°≈≈≈≈≈°≈≈.§.....##
.○..##○°.°.°....○......### .
####.@...........##
##...°......### #####.###.##
### ###


There were no monsters in sight!

Vanquished Creatures
  Gastronok (Lair:2)
  The ghost of Tzialkovskiy the Grappler, a journeyman TrBr of Okawaru (Lair:1)
  3 hydras
  A two-headed ogre (D:7)
  A centaur warrior (D:10)
  A tengu warrior (D:10)
  Sonja (Lair:3)
  4 deep elf pyromancers
  A manticore (Lair:3)
  An ugly thing (IceCv)
  7 elephants
  2 cyclopes
  A black mamba (shapeshifter) (D:8)
  4 cane toads
  4 black mambas (Lair:3)
  2 gargoyles
  Maggie (Lair:2)
  8 kobold demonologists (D:11)
  A yaktaur (D:10)
  An unseen horror (D:11)
  8 komodo dragons
  2 polar bears
  A jumping spider (shapeshifter) (D:8)
  8 blink frogs
  A wind drake (Lair:3)
  A queen bee (D:11)
  A hornet (Lair:1)
  A shadow (D:11)
  5 spriggans
  A wraith (D:10)
  2 wyverns
  2 steam dragons
  A basilisk (D:8)
  A fire bat (Volcano)
  22 yaks
  Grum (D:10)
  3 vampire mosquitoes
  A death yak simulacrum (IceCv)
  An acid dragon (D:10)
  12 water moccasins
  2 black bears (Lair:2)
  8 orc warriors
  A sky beast (D:4)
  2 necrophages (D:4)
  9 wolves
  2 centaurs
  2 phantoms
  3 kobold brigands
  2 scorpions
  12 bullfrogs
  2 wyvern zombies
  A cane toad simulacrum (IceCv)
  19 killer bees (D:11)
  An elephant simulacrum (IceCv)
  4 howler monkeys
  4 wights (D:10)
  3 jellies
  5 lava snakes (Volcano)
  4 centaur zombies
  2 hounds
  A gnoll shaman (D:10)
  Crazy Yiuf (D:6)
  6 orc priests
  5 iguanas
  Ijyb (D:3)
  Natasha (thrice) (D:4)
  8 orc wizards
  2 polar bear simulacra (IceCv)
  7 gnolls
  A howler monkey zombie (D:10)
  14 adders
  A shadow imp (D:8)
  12 white imps (Lair:1)
  An adder zombie (D:4)
  3 worms
  A dart slug (D:2)
  17 orcs
  11 endoplasms
  3 giant cockroaches
  2 hobgoblins
  5 jackals
  5 quokkas
  4 ball pythons
  3 bats
  3 frilled lizards
  8 goblins
  11 kobolds
  3 rats
351 creatures vanquished.

Vanquished Creatures (others)
  An orc (D:8)
  11 fungi
  15 plants
27 creatures vanquished.

Grand Total: 378 creatures vanquished

Notes
Turn   | Place    | Note
-------+----------+-------------------------------------------
     0 | D:1      | Delamore the Octopode Brigand began the quest for the Orb.
     0 | D:1      | Reached XP level 1. HP: 14/14 MP: 1/1
   257 | D:1      | Reached XP level 2. HP: 15/19 MP: 2/2
   366 | D:1      | Reached skill level 6 in Stealth
   685 | D:1      | Reached XP level 3. HP: 24/24 MP: 3/3
  1412 | D:2      | Reached XP level 4. HP: 26/29 MP: 4/4
  1415 | D:2      | Reached skill level 7 in Stealth
  2014 | D:3      | Reached XP level 5. HP: 34/34 MP: 5/5
  2203 | D:3      | Found a faded altar of an unknown god.
  2229 | D:3      | Noticed Ijyb
  2241 | D:3      | Killed Ijyb
  2584 | D:3      | Reached skill level 8 in Stealth
  3463 | D:4      | Noticed a necrophage
  3474 | D:4      | Killed a necrophage
  3475 | D:4      | Reached skill level 9 in Stealth
  3475 | D:4      | Reached XP level 6. HP: 27/39 MP: 6/6
  3581 | D:4      | Noticed a sky beast
  3870 | D:4      | Killed a sky beast
  4152 | D:4      | Found a glowing golden altar of the Shining One.
  4161 | D:4      | Noticed Natasha
  4167 | D:4      | Killed Natasha
  4170 | D:4      | Noticed Natasha
  4180 | D:4      | Killed Natasha
  4181 | D:4      | Reached XP level 7. HP: 6/45 MP: 7/7
  4474 | D:4      | Found Zidisaif's Magic Scroll Shoppe.
  4483 | D:4      | Bought a scroll of identify for 20 gold pieces
  4483 | D:4      | Bought a scroll of teleportation for 30 gold pieces
  4487 | D:4      | Noticed Natasha
  4498 | D:4      | Killed Natasha
  4499 | D:4      | Reached skill level 10 in Stealth
  4676 | D:4      | Reached skill level 5 in Short Blades
  5272 | D:5      | Entered Level 5 of the Dungeon
  6106 | D:5      | Reached XP level 8. HP: 37/50 MP: 8/8
  7451 | D:6      | Found a runed translucent door.
  7452 | D:6      | Noticed Crazy Yiuf
  7616 | D:6      | Identified the +10 dagger of Eternal War {drain, Str+4
                  | Int+7}
  7771 | D:6      | Killed Crazy Yiuf
  8148 | D:7      | Found a staircase to the Ecumenical Temple.
  8158 | D:7      | Identified the +0 short sword of the Five Princes {flame,
                  | rF++ Str+4}
  8161 | Temple   | Entered the Ecumenical Temple
  8245 | Temple   | Became a worshipper of Gozag Ym Sagoz the Greedy
  8318 | D:7      | Noticed a two-headed ogre
  8326 | D:7      | Killed a two-headed ogre
  8327 | D:7      | Reached XP level 9. HP: 60/60 MP: 9/9
  8602 | D:7      | Reached skill level 5 in Fighting
  8783 | D:8      | Reached skill level 5 in Dodging
  8823 | D:8      | Found a transporter.
  8830 | D:8      | Noticed a meliai
  8855 | D:8      | Noticed Delamore's ghost (novice OpBr)
  9025 | D:8      | Noticed a deep elf pyromancer
  9025 | D:8      | Noticed a jumping spider
  9028 | D:8      | Killed a deep elf pyromancer
  9029 | D:8      | Reached XP level 10. HP: 66/66 MP: 10/10
  9032 | D:8      | Noticed a cyclops
  9038 | D:8      | Killed a cyclops
  9039 | D:8      | Reached skill level 5 in Throwing
  9078 | D:8      | Noticed a black mamba
  9081 | D:8      | Killed a black mamba
  9111 | D:8      | Noticed a deep elf pyromancer
  9115 | D:8      | Killed a deep elf pyromancer
  9116 | D:8      | Reached skill level 10 in Short Blades
  9132 | D:8      | Noticed a deep elf pyromancer
  9135 | D:8      | Killed a deep elf pyromancer
  9136 | D:8      | Reached skill level 11 in Stealth
  9205 | D:8      | Found a transporter.
  9261 | D:8      | Noticed a +0 spear
  9262 | D:8      | Noticed a +0 falchion
  9262 | D:8      | Noticed a +0 short sword
  9263 | D:8      | Noticed a +0 short sword
  9263 | D:8      | Noticed a +0 dagger
  9271 | D:8      | Found a hide-covered altar of Uskayaw.
  9271 | D:8      | Noticed a +0 dagger
  9272 | D:8      | Noticed a +0 spear
  9275 | D:8      | Noticed a +0 falchion
 10107 | D:10     | Entered Level 10 of the Dungeon
 10175 | D:10     | Noticed Grum
 10181 | D:10     | Killed Grum
 10207 | D:10     | Found Uzaifixt's Magic Scroll Boutique.
 10219 | D:10     | Found a large runed translucent door.
 10219 | D:10     | Found a large runed translucent door.
 10223 | D:10     | Noticed a centaur warrior
 10226 | D:10     | Noticed a tengu warrior
 10234 | D:10     | Reached skill level 5 in Evocations
 10241 | D:10     | Found a large runed translucent door.
 10241 | D:10     | Found a large runed translucent door.
 10244 | D:10     | Killed a centaur warrior
 10245 | D:10     | Reached skill level 12 in Stealth
 10245 | D:10     | Reached XP level 11. HP: 71/71 MP: 11/11
 10246 | D:10     | Killed a tengu warrior
 10247 | D:10     | Reached skill level 13 in Stealth
 10341 | D:10     | Reached skill level 14 in Stealth
 10607 | D:10     | Noticed a deep elf pyromancer
 10610 | D:10     | Killed a deep elf pyromancer
 10611 | D:10     | Reached skill level 15 in Stealth
 11135 | D:10     | Bought a scroll of identify for 30 gold pieces
 11135 | D:10     | Bought a scroll of identify for 30 gold pieces
 11729 | D:11     | Noticed a sixfirhy
 12081 | D:11     | Noticed a sun demon
 12230 | D:11     | Reached XP level 12. HP: 81/81 MP: 12/12
 12438 | D:11     | Found a staircase to the Lair.
 13173 | D:11     | Found a staircase to the Orcish Mines.
 13263 | D:11     | Bought a scroll labelled KEBEUX AN ODUU for 30 gold pieces
 13265 | Lair:1   | Entered Level 1 of the Lair of Beasts
 13456 | Lair:1   | Noticed a five-headed hydra
 13475 | Lair:1   | Killed a five-headed hydra
 13553 | Lair:1   | Found a frozen archway.
 13609 | IceCv    | Entered an ice cave
 13610 | IceCv    | Found a transporter.
 13861 | IceCv    | Found a transporter.
 14203 | Lair:1   | Found a runed translucent door.
 14203 | Lair:1   | Identified the +8 spear "Eviscerator" {vorpal, rElec Int+6}
 14204 | Lair:1   | Noticed Tzialkovskiy's ghost (journeyman TrBr)
 14494 | Lair:1   | Killed Tzialkovskiy's ghost
 14850 | Lair:2   | Reached skill level 10 in Fighting
 14850 | Lair:2   | Reached skill level 10 in Dodging
 14891 | Lair:2   | Noticed Gastronok
 14895 | Lair:2   | Reached XP level 13. HP: 92/92 MP: 13/13
 14913 | Lair:2   | Noticed Maggie
 15239 | Lair:2   | Killed Gastronok
 15599 | Lair:2   | You fall into a shaft and drop 1 floor!
 15906 | Lair:3   | Found a staircase to the Shoals.
 17147 | Lair:2   | Killed Maggie
 17284 | Lair:3   | Noticed Sonja
 17291 | Lair:3   | Killed Sonja
 17303 | Lair:3   | Found a staircase to the Snake Pit.
 17492 | Lair:3   | Reached skill level 16 in Stealth
 18581 | Shoals:1 | Entered Level 1 of the Shoals
 19018 | Lair:4   | Found a dark tunnel.
 19027 | Volcano  | Entered a volcano
 19196 | Volcano  | Engulfed by a cloud of flame

Illustrated notes

Levels and vault maps discovered:
D:1:      lightli_arrival_maybe_door_vault, layout_basic, serial_glass,
          glass_columns_a, glass_columns_a, glass_columns_c, glass_columns_c,
          glass_columns_c, glass_columns_a, glass_columns_a, glass_columns_b,
          minmay_strange_pillars, item_on_display_a
D:2:      cheibrodos_old_hovel, layout_basic, cheibrodos_gnoll_hut
D:3:      layout_loops_corners, shapermc_ecumenical_altar_pompeii, uniq_ijyb
D:4:      minmay_chambers_of_twos, layout_basic,
          mainiacjoe_overflow_concentric_impassable, serial_shops,
          nicolae_shop_crystal, uniq_natasha
D:5:      layout_loops_ring, kennysheep_generic_room_7
D:6:      layout_loops_corners, uniq_crazy_yiuf_cottage
D:7:      layout_basic, minmay_temple_entry_nine_rooms
D:8:      layout_rooms, nicolae_uskayaw_en_pointe, gammafunk_ghost_arena,
          minmay_evil_grid
D:9:      layout_roguey
D:10:     layout_rooms, serial_shops, shop, minmay_hollow_rounded_squares,
          uniq_grum
D:11:     layout_rooms, lair_entry_dummy, david_orc_4, special_room
          [special_room_bee]
Temple:   regret_index_temple_chain_breaker
Lair:1:   layout_chaotic_city, portal_ice_cave_entry_imps,
          ebering_ghost_funeral_grove, chequers_serial_rivers_micro_d,
          grunt_megastairs_3
Lair:2:   layout_cave_pods, forest_entry_grove, uniq_maggie, uniq_gastronok
Lair:3:   layout_small_grid, minmay_shoals_entry_beasts,
          minmay_snake_entry_six_corridors, uniq_sonja
Lair:4:   layout_regular_city, enter_volcano_1
Shoals:1: layout_shoals, ebering_ghost_xom, nicolae_shoals_water_shrine,
          uniq_jorgrun
Volcano:  volcano_lake [vl_original]

Skill      XL: |  1  2  3  4  5  6  7  8  9 10 11 12 13 |
---------------+----------------------------------------+-----
Stealth        | 6 7 9 10 12 15 16 | 16.3
Short Blades   | 3 4 6 8 10 11 | 11.1
Dodging        | 4 5 7 10 | 10.0
Fighting       | 4 5 7 10 | 10.0
Shields        | 2 4 |  4.0
Throwing       | 4 5 7 |  7.3
Evocations     | 5 7 |  7.7

Action                   |  1- 3 |  4- 6 |  7- 9 | 10-12 | 13-15 || total
-------------------------+-------+-------+-------+-------+-------++-------
Melee: Dagger            |    50 |    87 |   175 |   380 |   199 ||   891
       Tentacles         |     6 |    16 |    45 |   122 |    83 ||   272
       Constrict         |     5 |    14 |    25 |    68 |    23 ||   135
Throw: Dart              |       |     1 |     2 |     1 |     3 ||     7
       Javelin           |       |       |     9 |    13 |    16 ||    38
Invok: Call Merchant     |       |       |       |     2 |       ||     2
Evoke: Wand              |       |       |       |     2 |       ||     2
  Use: Scroll            |     4 |     1 |     8 |    14 |     3 ||    30
       Potion            |       |     1 |     1 |     1 |     2 ||     5
 Stab: Sleeping          |    21 |    11 |    18 |    28 |    11 ||    89
       Distracted        |       |     1 |       |     2 |     1 ||     4
Armor: Skin              |       |     1 |    12 |    13 |    26 ||    52
Dodge: Dodged            |    14 |    39 |    68 |   148 |   128 ||   397
Block: Buckler           |       |       |     2 |    45 |    41 ||    88
